 Dungeon Crawl Stone Soup version 0.32-a0-876-gcfddb08e57 (webtiles) character file.

Game seed: 7082998579457196785

259 Hubris850 the Chopper (level 6, -1/44 HPs)
             Began as a Coglin Gladiator on Apr 1, 2024.
             Splashed by a jelly's acid (5 damage)
             ... on level 4 of the Dungeon.
             The game lasted 00:05:19 (2570 turns).

Hubris850 the Chopper (Coglin Gladiator)            Turns: 2570, Time: 00:05:20

Health: -1/44      AC: 10    Str: 16    XL:     6   Next: 17%
Magic:  6/6        EV:  9    Int:  7    God:
Gold:   185        SH:  0    Dex: 16    Spells: 5/5 levels left

rFire   . . .        w - +2 short sword (flame) {Lucía}
rCold   . . .        t - +0 dagger (speed) {Santiago}
rNeg    . . .        q - +0 scale mail
rPois   .            c - +0 helmet
rElec   .            r - +2 cloak
rCorr   .            (no gloves)
SInv    .            (no boots)
Will    .....        (amulet unavailable) Stlth
                     (ring unavailable)
HPRegen 0.27/turn    (ring unavailable)
MPRegen 0.10/turn    (no gizmo)

%: no passive effects
@: lethally poisoned (-1 -> -8), revved
A: off-hand wielding, slow wielding, warmup strikes, no jewellery
a: Invent Gizmo


You were on level 4 of the Dungeon.
You visited 1 branch of the dungeon, and saw 4 of its levels.

You collected 185 gold pieces.

Inventory:

Hand Weapons
 a - a +0 war axe {Navbir}
 f - a +0 dagger {Fatehjeet}
 s - a +1 dagger of flaming {Marisol}
 t - a +0 dagger of speed (offhand) {Santiago}
 w - a +2 short sword of flaming (weapon) {Lucía}
Missiles
 d - 3 throwing nets (quivered)
 e - 3 javelins
 i - 10 poisoned darts
 x - 5 darts of dispersal
Armour
 b - a +0 leather armour
 c - a +0 helmet (worn)
 q - a +0 scale mail (worn)
 r - a +2 cloak (worn)
Talismans
 p - a maw talisman
Wands
 A - a wand of light (6)
Scrolls
 h - 2 scrolls of teleportation {unknown}
 l - a scroll of blinking {unknown}
 o - a scroll of brand weapon {unknown}
 u - a scroll of immolation {unknown}
 y - a scroll of poison {unknown}
 z - a scroll of enchant weapon {unknown}
Potions
 g - a potion of resistance {unknown}
 j - a potion of brilliance {unknown}
 k - a potion of invisibility {unknown}
 m - a potion of lignification {unknown}
 n - 2 potions of curing {unknown}
 v - 2 potions of heal wounds {unknown}


   Skills:
 - Level 2.0 Fighting
 + Level 3.1 Short Blades
 - Level 5.5 Axes
 - Level 1.7 Throwing
 - Level 2.6 Dodging


You had 5 spell levels left.
You didn't know any spells.
Your spell library contained the following spells:

 Spells                   Type           Power      Damage    Failure   Level
 Freeze                   Ice            0%         1d3       87%         1
 Lesser Beckoning         Tloc           0%         N/A       95%         2
 Dazzling Flash           Conj/Hex       0%         N/A       99%         3
 Frozen Ramparts          Ice            0%         1d1       99%         3
 Hailstorm                Conj/Ice       0%         3d5       99%         3
 Mephitic Cloud           Conj/Alch/Air  0%         N/A       99%         3
 Stone Arrow              Conj/Erth      0%         3d7       99%         3
 Teleport Other           Tloc           0%         N/A       99%         3
 Animate Armour           Summ/Erth      0%         N/A       100%        4
 Maxwell's Portable Pile  Tloc           0%         2d(5-10)  100%        4
 Curse of Agony           Necr           0%         N/A       100%        5
 Silence                  Hex/Air        0%         N/A       100%        5
 Lehudib's Crystal Spear  Conj/Erth      0%         10d2      100%        8


Dungeon Overview and Level Annotations

Branches:
Dungeon (4/15)
 Temple: D:4-7

Altars:


Innate Abilities, Weirdness & Mutations

You can wield a second weapon in your off-hand.
It takes a long time for you to wield or remove held weapons.
Your first few attacks do less damage.
You cannot equip rings or amulets.


Message History

You closely miss the scorpion with your +2 short sword of flaming.
The scorpion stings you but does no damage.
The jelly hits you but does no damage.
You barely miss the scorpion with your +2 short sword of flaming.
The scorpion is almost dead.
You hit the scorpion but do no damage. The scorpion closely misses you.
The jelly hits you but does no damage.
You hit the scorpion but do no damage.
The scorpion is almost dead.
You hit the scorpion but do no damage. The scorpion stings you.
You closely miss the scorpion with your +2 short sword of flaming.
The scorpion is almost dead.
You barely miss the scorpion with your +0 dagger of speed.
The jelly hits you but does no damage. The scorpion stings you.
You are poisoned.
The scorpion poisons you!
You hit the scorpion with your +2 short sword of flaming.
You burn the scorpion.
You kill the scorpion!
You feel very sick. The jelly closely misses you.
Your Short Blades skill increases to level 3!
You have reached level 6!
You barely miss the jelly with your +0 dagger of speed.
You hit the jelly with your +2 short sword of flaming.
You burn the jelly.
Your graspers burn!
You feel sick. The jelly hits you.
You are splashed with acid.
You hit the jelly but do no damage.
Your graspers burn!
The jelly is moderately wounded.
You hit the jelly with your +2 short sword of flaming.
You burn the jelly.
Your graspers burn!
* * * LOW HITPOINT WARNING * * *
x2 You feel sick.
You hit the jelly with your +2 short sword of flaming.
You burn the jelly.
Your graspers burn!
* * * LOW HITPOINT WARNING * * *
The jelly is severely wounded.
You hit the jelly with your +0 dagger of speed.
Your graspers burn!
You die...

##### ##.######
####.(.####
......J.###.........#
#..)@..........#.#
.....##.###.........#
... #.# #..#.<.##.# .
#.# #..##.###.# #.#
#..##.# #.# ..#
#..##.###.# ###
#.........#
#.........#
#####.####...


You could see a jelly.

Vanquished Creatures
  A scorpion (D:4)
  An orc wizard (D:3)
  Robin (D:3)
  7 adders
  2 dart slugs
  2 ribbon worms
  7 orcs (D:3)
  8 ball pythons
  7 endoplasms
  2 giant cockroaches (D:1)
  12 goblins
  7 hobgoblins
  8 jackals
  7 kobolds
  2 quokkas
  2 bats
  2 frilled lizards
  6 rats
84 creatures vanquished.

Notes
Turn   | Place    | Note
-------+----------+-------------------------------------------
     0 | D:1      | Hubris850 the Coglin Gladiator began the quest for the Orb.
     0 | D:1      | Reached XP level 1. HP: 16/16 MP: 1/1
    42 | D:1      | Reached XP level 2. HP: 22/22 MP: 2/2
   265 | D:1      | Reached skill level 4 in Axes
   329 | D:1      | Reached XP level 3. HP: 27/27 MP: 3/3
  1372 | D:2      | Reached XP level 4. HP: 32/33 MP: 4/4
  1604 | D:3      | Reached skill level 5 in Axes
  1696 | D:3      | Noticed Robin
  1709 | D:3      | Killed Robin
  1710 | D:3      | Reached XP level 5. HP: 33/38 MP: 5/5
  1913 | D:3      | Reached skill level 1 in Short Blades
  2568 | D:4      | Reached XP level 6. HP: 31/44 MP: 6/6
  2570 | D:4      | Splashed by a jelly's acid

Illustrated notes

Levels and vault maps discovered:
D:1:      dpeg_arrival_boxorama, layout_basic
D:2:      layout_basic
D:3:      wad_river_or_something, layout_basic, uniq_robin
D:4:      minmay_razor_zed, layout_loops_corners, old_standard_altar,
          nicolae_overflow_crystal_walls, worldfamousw_hep_ancestral_shrine

Skill      XL: |  1  2  3  4  5 |
---------------+----------------+-----
Axes           | 4 5 |  5.5
Short Blades   | 3 |  3.1
Fighting       | |  2.0
Throwing       | |  1.7
Dodging        | |  2.6

Action                     |  1- 3 |  4- 6 || total
---------------------------+-------+-------++-------
  Melee: War axe           |    90 |    39 ||   129
         Dagger            |    86 |   202 ||   288
         Short sword       |       |    36 ||    36
   Stab: Sleeping          |     2 |       ||     2
 Armour: Leather armour    |    56 |       ||    56
         Scale mail        |     8 |   105 ||   113
  Dodge: Dodged            |    62 |    73 ||   135

Table legend: (Time is in decaauts)
 A = Elapsed time spent in this place.
 B = Non-inter-level travel time spent in this place.
 C = Inter-level travel time spent in this place.
 D = Time resting spent in this place.
 E = Time spent auto-exploring this place.
 F = Levels seen in this place.
 G = Mean time per level.
                   A        B        C        D        E       F      G
               +--------+--------+--------+--------+--------+-----+--------+
         Total |   2567 |   2468 |     99 |      0 |   1929 |   4 |  641.8 |
       Dungeon |   2567 |   2468 |     99 |      0 |   1929 |   4 |  641.8 |
               +--------+--------+--------+--------+--------+-----+--------+

Top non-repeatable levels by time:
     D:3: 971 daAuts
     D:1: 916 daAuts
     D:2: 637 daAuts
     D:4: 42 daAuts
